[ AOE2 MATCH · #507101129 ]
UnrankedPersians vs Cumans
Player's team · WIN
Rival team · LOSS
[ REPLAY ANALYSIS · EXTRACTED FROM THE RECORDED GAME ]
Feudal
10:24
Castle
21:52
Imperial
39:45
| APM avg | 56.4 |
| APM peak | 120 |
| eAPM avg | 28.3 |
| Villagers / military | 170 / 101 |
Focus
⚔️ 37.8% · 🌾 62.2%
Spearman ×33 · Scout Cavalry ×20 · Knight ×16 · Archer ×12 · Battering Ram ×5 · Monk ×4
Feudal
9:23
Castle
25:54
Imperial
41:02
| APM avg | 68.0 |
| APM peak | 107 |
| eAPM avg | 41.1 |
| Villagers / military | 233 / 73 |
Focus
⚔️ 34.8% · 🌾 65.2%
Spearman ×21 · Battering Ram ×20 · Camel Scout ×18 · Skirmisher ×9 · Mangonel ×3 · Trebuchet (Packed) ×2
Match map
Initial resources + every placement click. Lines = walls · curves = elevation contours. ◆ gold · ⬟ stone · ● berries · ✦ relic · ◌ wall gap
Your base· ✓ Closed at 21:52 · 47t walls · 1 gate(s)
Liêm học IT's base· Open — 2t gap
Smoothed initial terrain · ◌ = detected wall gap · hover for details
Inputs per minute
— Lootuskukka - - Liêm học IT
Build order — Lootuskukka
First 150 of 471 actions detected
| 0:00 | Queue | Villager (Male) |
| 0:01 | Queue | Villager (Male) |
| 0:01 | Queue | Villager (Male) |
| 0:02 | Build | House |
| 0:02 | Build | House |
| 0:21 | Queue | Villager (Male) |
| 0:21 | Queue | Villager (Male) |
| 1:35 | Queue | Villager (Male) |
| 1:35 | Queue | Villager (Male) |
| 2:01 | Queue | Villager (Male) |
| 2:11 | Build | Lumber Camp |
| 2:13 | Queue | Villager (Male) |
| 3:02 | Queue | Villager (Male) |
| 3:10 | Queue | Villager (Male) |
| 3:10 | Queue | Villager (Male) |
| 3:10 | Queue | Villager (Male) |
| 3:10 | Queue | Villager (Male) |
| 3:10 | Queue | Villager (Male) |
| 3:10 | Queue | Villager (Male) |
| 3:10 | Queue | Villager (Male) |
| 3:12 | Build | House |
| 3:23 | Queue | Villager (Male) |
| 3:23 | Queue | Villager (Male) |
| 4:02 | Build | Barracks |
| 4:14 | Queue | Villager (Male) |
| 4:26 | Build | House |
| 4:39 | Queue | Villager (Male) |
| 5:01 | Queue | Militia |
| 5:01 | Queue | Militia |
| 5:06 | Queue | Villager (Male) |
| 5:21 | Build | House |
| 5:23 | Build | Palisade Wall |
| 5:31 | Queue | Villager (Male) |
| 5:53 | Queue | Villager (Male) |
| 5:58 | Build | Mill |
| 5:59 | Queue | Villager (Male) |
| 6:02 | Queue | Villager (Male) |
| 6:22 | Build | Palisade Wall |
| 6:24 | Build | Palisade Wall |
| 6:44 | Queue | Villager (Male) |
| 7:02 | Build | House |
| 7:03 | Build | Palisade Wall |
| 7:08 | Research | Loom |
| 7:18 | Build | Farm |
| 7:56 | Queue | Villager (Male) |
| 8:16 | Research | Feudal Age |
| 8:16 | Research | Feudal Age |
| 8:25 | Build | Mining Camp |
| 9:24 | Queue | Militia |
| 9:45 | Queue | Militia |
| 9:54 | Build | Palisade Wall |
| 9:55 | Build | Palisade Wall |
| 9:56 | Build | Palisade Wall |
| 10:24 | Age | Feudal Age |
| 10:26 | Queue | Villager (Male) |
| 10:29 | Build | Archery Range |
| 10:32 | Research | Double-Bit Axe |
| 10:33 | Research | Man-at-Arms (upgrade) |
| 10:36 | Queue | Villager (Male) |
| 10:40 | Build | Farm |
| 10:49 | Queue | Spearman |
| 10:55 | Queue | Villager (Male) |
| 11:06 | Build | House |
| 11:06 | Build | Palisade Wall |
| 11:11 | Queue | Villager (Male) |
| 11:20 | Build | Farm |
| 11:34 | Queue | Archer |
| 11:38 | Queue | Villager (Male) |
| 11:42 | Queue | Archer |
| 11:46 | Queue | Villager (Male) |
| 11:48 | Build | Farm |
| 12:02 | Queue | Villager (Male) |
| 12:08 | Queue | Villager (Male) |
| 12:22 | Queue | Archer |
| 12:34 | Build | House |
| 12:35 | Build | Palisade Wall |
| 12:38 | Build | Palisade Wall |
| 12:39 | Build | Palisade Wall |
| 13:03 | Build | Blacksmith |
| 13:03 | Queue | Villager (Male) |
| 13:07 | Build | Palisade Wall |
| 13:10 | Build | Palisade Gate |
| 13:15 | Build | House |
| 13:15 | Queue | Villager (Male) |
| 13:17 | Build | Farm |
| 13:31 | Queue | Villager (Male) |
| 13:31 | Queue | Archer |
| 13:40 | Build | Farm |
| 13:54 | Build | Watch Tower |
| 13:56 | Build | Stone Wall |
| 13:56 | Build | Stone Wall |
| 13:56 | Build | Stone Wall |
| 13:57 | Build | Stone Wall |
| 13:57 | Build | Stone Wall |
| 13:58 | Build | Stone Wall |
| 13:58 | Build | Stone Wall |
| 13:58 | Build | Stone Wall |
| 13:58 | Build | Stone Wall |
| 14:07 | Queue | Archer |
| 14:08 | Build | House |
| 14:10 | Research | Fletching |
| 14:10 | Queue | Villager (Male) |
| 14:16 | Build | Mining Camp |
| 14:46 | Build | Farm |
| 14:50 | Build | Farm |
| 15:00 | Queue | Villager (Male) |
| 15:02 | Build | House |
| 15:02 | Queue | Villager (Male) |
| 15:04 | Build | Farm |
| 15:06 | Queue | Archer |
| 15:30 | Build | Farm |
| 15:32 | Build | Farm |
| 15:32 | Queue | Villager (Male) |
| 15:35 | Queue | Villager (Male) |
| 16:08 | Queue | Villager (Male) |
| 16:13 | Build | Watch Tower |
| 16:18 | Queue | Villager (Male) |
| 16:20 | Build | Farm |
| 16:22 | Build | Farm |
| 16:53 | Queue | Villager (Male) |
| 16:55 | Build | Farm |
| 16:56 | Build | Farm |
| 16:57 | Build | Farm |
| 16:58 | Queue | Villager (Male) |
| 17:24 | Build | Watch Tower |
| 17:29 | Build | Watch Tower |
| 18:04 | Queue | Villager (Male) |
| 18:07 | Build | Market |
| 18:10 | Build | Farm |
| 18:14 | Build | Farm |
| 18:28 | Queue | Villager (Male) |
| 18:49 | Queue | Villager (Male) |
| 19:13 | Build | Farm |
| 19:14 | Build | Farm |
| 19:15 | Queue | Archer |
| 19:15 | Queue | Archer |
| 19:27 | Research | Castle Age |
| 19:27 | Research | Castle Age |
| 20:13 | Build | Stable |
| 20:22 | Queue | Archer |
| 20:22 | Queue | Archer |
| 20:29 | Queue | Archer |
| 20:41 | Research | Horse Collar |
| 20:57 | Research | Scale Barding Armor |
| 21:27 | Queue | Archer |
| 21:35 | Build | Stable |
| 21:52 | Research | Bloodlines |
| 21:52 | Age | Castle Age |
| 22:00 | Queue | Villager (Male) |
| 22:04 | Build | House |
Build order — Liêm học IT
First 150 of 498 actions detected
| 0:01 | Queue | Villager (Male) ×4 |
| 0:01 | Queue | Villager (Male) ×4 |
| 0:02 | Build | House |
| 0:03 | Build | House |
| 1:27 | Queue | Villager (Male) |
| 1:27 | Queue | Villager (Male) |
| 2:01 | Queue | Villager (Male) |
| 2:01 | Queue | Villager (Male) |
| 2:15 | Build | Lumber Camp |
| 2:17 | Queue | Villager (Male) |
| 2:43 | Queue | Villager (Male) |
| 2:43 | Queue | Villager (Male) |
| 2:55 | Queue | Villager (Male) |
| 2:55 | Queue | Villager (Male) |
| 3:10 | Queue | Villager (Male) |
| 3:10 | Queue | Villager (Male) |
| 3:46 | Queue | Villager (Male) |
| 3:46 | Queue | Villager (Male) |
| 4:02 | Build | House |
| 4:07 | Queue | Villager (Male) |
| 4:07 | Queue | Villager (Male) |
| 4:31 | Queue | Villager (Male) |
| 4:31 | Queue | Villager (Male) |
| 4:40 | Build | Mill |
| 4:48 | Queue | Villager (Male) |
| 4:48 | Queue | Villager (Male) |
| 4:55 | Build | Palisade Wall |
| 4:57 | Build | Palisade Wall |
| 5:16 | Queue | Villager (Male) |
| 6:26 | Research | Loom |
| 6:27 | Research | Loom |
| 7:13 | Research | Feudal Age |
| 7:14 | Research | Feudal Age |
| 7:55 | Build | House |
| 7:59 | Build | Palisade Wall |
| 8:40 | Build | House |
| 9:23 | Age | Feudal Age |
| 9:25 | Queue | Villager (Male) |
| 9:25 | Queue | Villager (Male) |
| 9:29 | Queue | Villager (Male) |
| 9:32 | Build | Town Center |
| 9:48 | Queue | Villager (Male) |
| 9:53 | Research | Double-Bit Axe |
| 10:07 | Research | Horse Collar |
| 10:07 | Research | Horse Collar |
| 10:08 | Queue | Villager (Male) |
| 10:25 | Queue | Villager (Male) |
| 10:27 | Build | Farm |
| 10:28 | Build | Farm |
| 10:34 | Build | Farm |
| 10:45 | Queue | Villager (Male) |
| 10:56 | Build | House |
| 10:58 | Build | House |
| 11:01 | Build | Palisade Wall |
| 11:01 | Build | Palisade Wall |
| 11:08 | Queue | Villager (Male) |
| 11:15 | Build | House |
| 11:21 | Queue | Villager (Male) |
| 11:43 | Queue | Villager (Male) |
| 11:46 | Build | Farm |
| 11:50 | Build | Palisade Wall |
| 11:51 | Build | Palisade Wall |
| 11:55 | Build | Palisade Wall |
| 11:58 | Build | Palisade Wall |
| 12:04 | Queue | Villager (Male) |
| 12:04 | Queue | Villager (Male) |
| 12:04 | Queue | Villager (Male) |
| 12:14 | Build | House |
| 12:15 | Build | Palisade Wall |
| 12:28 | Build | Palisade Wall |
| 12:29 | Build | Palisade Wall |
| 12:32 | Build | Farm |
| 12:34 | Queue | Villager (Male) |
| 12:35 | Queue | Villager (Male) |
| 12:35 | Queue | Villager (Male) |
| 12:47 | Build | Farm |
| 13:01 | Queue | Villager (Male) |
| 13:15 | Build | Barracks |
| 13:28 | Queue | Villager (Male) |
| 13:31 | Build | House |
| 13:32 | Build | House |
| 13:37 | Build | Farm |
| 13:39 | Build | Farm |
| 13:42 | Queue | Villager (Male) |
| 13:42 | Queue | Villager (Male) |
| 14:09 | Build | Archery Range |
| 14:17 | Build | Palisade Wall |
| 14:18 | Build | Palisade Wall |
| 14:23 | Queue | Villager (Male) |
| 14:23 | Queue | Villager (Male) |
| 14:24 | Queue | Villager (Male) |
| 14:24 | Queue | Villager (Male) |
| 14:39 | Build | Farm |
| 14:41 | Build | Farm |
| 14:47 | Build | Farm |
| 14:48 | Build | Farm |
| 14:50 | Queue | Villager (Male) |
| 14:59 | Queue | Villager (Male) |
| 15:00 | Queue | Villager (Male) |
| 15:03 | Build | Outpost |
| 15:17 | Queue | Skirmisher |
| 15:17 | Queue | Skirmisher |
| 15:33 | Queue | Villager (Male) |
| 15:33 | Queue | Villager (Male) |
| 15:36 | Queue | Villager (Male) |
| 15:39 | Build | Outpost |
| 15:50 | Queue | Villager (Male) |
| 15:50 | Queue | Villager (Male) |
| 16:02 | Queue | Skirmisher |
| 16:02 | Queue | Skirmisher |
| 16:04 | Build | Blacksmith |
| 16:06 | Queue | Villager (Male) |
| 16:06 | Queue | Villager (Male) |
| 16:23 | Queue | Villager (Male) |
| 16:23 | Queue | Villager (Male) |
| 16:25 | Build | Market |
| 16:33 | Queue | Villager (Male) |
| 16:51 | Build | Blacksmith |
| 16:58 | Queue | Villager (Male) |
| 16:58 | Queue | Villager (Male) |
| 17:03 | Queue | Skirmisher |
| 17:04 | Queue | Skirmisher |
| 17:21 | Research | Fletching |
| 17:21 | Research | Fletching |
| 17:45 | Build | Watch Tower |
| 17:46 | Queue | Villager (Male) |
| 18:02 | Queue | Villager (Male) |
| 18:07 | Queue | Skirmisher |
| 18:17 | Queue | Skirmisher |
| 18:17 | Queue | Skirmisher |
| 18:57 | Queue | Villager (Male) |
| 18:58 | Queue | Villager (Male) |
| 19:10 | Queue | Villager (Male) |
| 19:11 | Queue | Villager (Male) |
| 19:11 | Queue | Villager (Male) |
| 19:13 | Build | Mining Camp |
| 19:15 | Queue | Villager (Male) |
| 19:20 | Build | Farm |
| 19:49 | Queue | Villager (Male) |
| 19:50 | Queue | Villager (Male) |
| 19:50 | Queue | Villager (Male) |
| 19:57 | Build | Farm |
| 19:58 | Queue | Villager (Male) |
| 20:29 | Queue | Villager (Male) |
| 20:29 | Queue | Villager (Male) |
| 20:34 | Queue | Villager (Male) |
| 20:43 | Queue | Villager (Male) |
| 21:25 | Queue | Villager (Male) |
| 21:26 | Queue | Villager (Male) |
| 21:28 | Queue | Villager (Male) |
Match timeline
| 4:02 | Lootuskukka · first_building Barracks |
| 4:55 | Liêm học IT · wall_segment Palisade Wall x1 |
| 4:57 | Liêm học IT · wall_segment Palisade Wall x1 |
| 5:23 | Lootuskukka · wall_segment Palisade Wall x3 |
| 6:22 | Lootuskukka · wall_segment Palisade Wall x2 |
| 6:24 | Lootuskukka · wall_segment Palisade Wall x4 |
| 7:03 | Lootuskukka · wall_segment Palisade Wall x1 |
| 7:59 | Liêm học IT · wall_segment Palisade Wall x5 |
| 9:23 | Liêm học IT · age_up feudal |
| 9:54 | Lootuskukka · wall_segment Palisade Wall x1 |
| 9:55 | Lootuskukka · wall_segment Palisade Wall x1 |
| 9:56 | Lootuskukka · wall_segment Palisade Wall x3 |
| 10:24 | Lootuskukka · age_up feudal |
| 10:29 | Lootuskukka · first_building Archery Range |
| 11:01 | Liêm học IT · wall_segment Palisade Wall x1 |
| 11:01 | Liêm học IT · wall_segment Palisade Wall x1 |
| 11:06 | Lootuskukka · wall_segment Palisade Wall x9 |
| 11:50 | Liêm học IT · wall_segment Palisade Wall x1 |
| 11:51 | Liêm học IT · wall_segment Palisade Wall x1 |
| 11:55 | Liêm học IT · wall_segment Palisade Wall x1 |
| 11:58 | Liêm học IT · wall_segment Palisade Wall x1 |
| 12:15 | Liêm học IT · wall_segment Palisade Wall x1 |
| 12:28 | Liêm học IT · wall_segment Palisade Wall x1 |
| 12:29 | Liêm học IT · wall_segment Palisade Wall x1 |
| 12:35 | Lootuskukka · wall_segment Palisade Wall x4 |
| 12:38 | Lootuskukka · wall_segment Palisade Wall x1 |
| 12:39 | Lootuskukka · wall_segment Palisade Wall x9 |
| 13:07 | Lootuskukka · wall_segment Palisade Wall x1 |
| 13:15 | Liêm học IT · first_building Barracks |
| 13:56 | Lootuskukka · wall_segment Stone Wall x1 |
| 13:56 | Lootuskukka · wall_segment Stone Wall x1 |
| 13:56 | Lootuskukka · wall_segment Stone Wall x1 |
| 13:57 | Lootuskukka · wall_segment Stone Wall x1 |
| 13:57 | Lootuskukka · wall_segment Stone Wall x1 |
| 13:58 | Lootuskukka · wall_segment Stone Wall x2 |
| 13:58 | Lootuskukka · wall_segment Stone Wall x1 |
| 13:58 | Lootuskukka · wall_segment Stone Wall x1 |
| 13:58 | Lootuskukka · wall_segment Stone Wall x1 |
| 14:09 | Liêm học IT · first_building Archery Range |
| 14:17 | Liêm học IT · wall_segment Palisade Wall x1 |
| 14:18 | Liêm học IT · wall_segment Palisade Wall x1 |
| 17:20 | Liêm học IT · first_market_buy 100 food |
| 19:19 | Lootuskukka · first_market_buy 100 food |
| 19:20 | Lootuskukka · first_market_sell 100 wood |
| 20:13 | Lootuskukka · first_building Stable |
| 21:52 | Lootuskukka · age_up castle |
| 22:13 | Liêm học IT · wall_segment Palisade Wall x1 |
| 22:14 | Liêm học IT · wall_segment Palisade Wall x1 |
| 22:15 | Liêm học IT · wall_segment Palisade Wall x1 |
| 22:15 | Liêm học IT · wall_segment Palisade Wall x1 |
| 22:16 | Liêm học IT · wall_segment Palisade Wall x1 |
| 22:27 | Liêm học IT · wall_segment Palisade Wall x1 |
| 22:28 | Liêm học IT · wall_segment Palisade Wall x1 |
| 22:29 | Liêm học IT · wall_segment Palisade Wall x1 |
| 22:30 | Liêm học IT · wall_segment Palisade Wall x1 |
| 23:13 | Liêm học IT · first_market_sell 100 wood |
| 23:43 | Liêm học IT · wall_segment Palisade Wall x1 |
| 24:07 | Lootuskukka · first_building Castle |
| 24:27 | Liêm học IT · wall_segment Palisade Wall x1 |
| 24:51 | Liêm học IT · first_building Stable |
| 25:24 | Lootuskukka · first_building Siege Workshop |
| 25:54 | Liêm học IT · age_up castle |
| 25:57 | Liêm học IT · first_building Castle |
| 27:22 | Liêm học IT · first_building Siege Workshop |
| 28:43 | Liêm học IT · wall_segment Palisade Wall x1 |
| 33:38 | Lootuskukka · first_building Monastery |
| 39:45 | Lootuskukka · age_up imperial |
| 41:02 | Liêm học IT · age_up imperial |
| 43:09 | Liêm học IT · resign |
[ AI ANALYSIS · 1 CREDIT ]
What really happened in this match?
Wolo.gg analyzes every decision: build order, eco, micro, common mistakes by bracket. Personalized analysis on WhatsApp or Discord in 30 seconds.
Civ guide
Persians
Perfil
Jugador #18413060